 Dungeon Crawl Stone Soup version 0.14-a0-1837-g7fb8695 (webtiles) character file.

567 Medar the Changer (level 6, 0/43 HPs)
             Began as a Merfolk Transmuter on Jan 10, 2014.
             Was a Follower of Ashenzari.
             Succumbed to a kobold's poison
             ... in a sewer.
             The game lasted 00:23:29 (5571 turns).

Medar the Changer (Merfolk Transmuter)              Turns: 5571, Time: 00:23:29

HP   0/43        AC  2     Str 11      XL: 6   Next: 69%
MP   4/10        EV 13     Int 14      God: Ashenzari [*.....]
Gold 199         SH  0     Dex 14      Spells:  3 memorised,  3 levels left

rFire  . . .     SeeInvis .       - Unarmed
rCold  . . .     Clarity  .     c - +0 robe
rNeg   . . .     Conserve .     (no shield)
rPois  .         rCorr    .     (no helmet)
rElec  .         rRot     .     (no cloak)
SustAb . .       Spirit   +     (no gloves)
rMut   .         Warding  .     (no boots)
Saprov . . .     Stasis   .     g - amulet of guardian spirit
                                (no ring)
                                (no ring)

@: flying (expiring), mildly poisoned, slightly resistant to hostile
enchantments, unstealthy
A: change form in water, swift swim
a: Renounce Religion


You were in a sewer.
You worshipped Ashenzari.
Ashenzari was aware of your devotion.
You were not hungry.

You visited 1 branch of the dungeon, and saw 4 of its levels.
You also visited: Sewer.

You collected 199 gold pieces.

Inventory:

Hand weapons
 j - a +0 blowgun
Missiles
 b - 5 arrows
 l - 4 poisoned needles
 q - 3 javelins (quivered)
Armour
 c - a +0 robe (worn)
 y - a +2 robe
Comestibles
 a - 3 bread rations
 n - a meat ration
 C - a banana
Scrolls
 e - a scroll of noise
 f - a scroll of curse armour
 i - a scroll of curse weapon
 k - a scroll of enchant armour {unknown}
 p - a scroll of amnesia
 w - a scroll of remove curse
Jewellery
 g - an amulet of guardian spirit (around neck)
Potions
 h - a potion of resistance
 o - 3 potions of brilliance
Books
 d - a book of Changes

   Spells                             Type                      Level
   *Beastly Appendage                 Transmutation                1
   *Sticks to Snakes                  Transmutation                2
   *Spider Form                       Transmutation/Poison         3
   Ice Form                           Ice/Transmutation            4
   Blade Hands                        Transmutation                5


   Skills:
 - Level 1.1 Fighting
 - Level 2.6 Dodging
 + Level 5.9 Unarmed Combat
 - Level 2.0 Spellcasting
 - Level 6.4 Transmutations
 - Level 1.4 Poison Magic


You had 3 spell levels left.
You knew the following spells:

 Your Spells              Type           Power        Failure   Level  Hunger
c - Sticks to Snakes      Trmt           ###.......   2%          2    ###....
d - Spider Form           Trmt/Pois      ##........   17%         3    ####...
s - Beastly Appendage     Trmt           ###...       1%          1    ##.....


Dungeon Overview and Level Annotations

Branches:
Dungeon (4/16)
 Temple: D:4-7

Altars:
Ashenzari


Message History

l - 2 poisoned needles You see here a dart.
q - 2 javelins;
l - 4 poisoned needles (gained 2)
q - 3 javelins (gained 1)
* * * LOW HITPOINT WARNING * * *
You feel sick.
Things that are here:
an uncursed club; a kobold corpse; a cursed club; a big kobold corpse You start resting.
* * * LOW HITPOINT WARNING * * *
You feel sick.
You start resting.
* * * LOW HITPOINT WARNING * * *
You feel sick.
* * * LOW HITPOINT WARNING * * *
You feel sick.
Things that are here:
a jackal skeleton; a kobold corpse You are starting to lose your buoyancy.
You die...

#.≈≈≈.# #.≈≈≈.###
#.≈≈≈..∩# #.≈≈≈.###
#.≈≈≈.# ##≈≈≈≈.##
############..≈(≈≈.#
≈≈≈≈≈≈≈≈≈≈≈≈≈≈≈≈()≈#
############≈.≈(@≈≈#
#..≈≈%).# #≈≈≈≈≈≈.#
#≈≈≈≈≈≈.# #.≈≈≈≈≈≈#
#.≈≈≈≈≈.# #.≈≈≈≈≈.#
#.≈≈....# ####.####


There were no monsters in sight!

Vanquished Creatures
  A big kobold (Sewer)
  An orc wizard (D:3)
  A big fish (Sewer)
  A worker ant (D:3)
  Ijyb (D:2)
  An adder (D:3)
  2 gnolls
  A giant centipede (D:4)
  3 green rats
  A giant mite (D:4)
  A worm (D:2)
  3 grey rats
  A giant eyeball (D:4)
  An ooze (D:2)
  5 orcs (D:3)
  A ball python (D:2)
  4 giant cockroaches
  14 goblins
  11 hobgoblins
  2 jackals (Sewer)
  10 kobolds
  2 quokkas
  10 bats
  2 giant geckos
  8 giant newts
  A goblin skeleton (D:4)
  8 rats
97 creatures vanquished.

Vanquished Creatures (collateral kills)
  A gnoll (D:1)
  3 adders
  A worm (D:2)
  An orc (D:3)
6 creatures vanquished.

Grand Total: 103 creatures vanquished

Notes
Turn   | Place    | Note
--------------------------------------------------------------
     0 | D:1      | Medar, the Merfolk Transmuter, began the quest for the Orb.
     0 | D:1      | Reached XP level 1. HP: 15/15 MP: 3/3
   313 | D:1      | Reached XP level 2. HP: 21/21 MP: 2/4
   492 | D:1      | Reached skill level 4 in Transmutations
   506 | D:1      | Learned a level 2 spell: Sticks to Snakes
  1030 | D:1      | Reached XP level 3. HP: 26/26 MP: 6/6
  1561 | D:2      | Found a shattered altar of Ashenzari.
  1610 | D:2      | Became a worshipper of Ashenzari the Shackled
  1656 | D:2      | Learned a level 3 spell: Spider Form
  2132 | D:2      | Reached skill level 1 in Poison Magic
  2632 | D:2      | Reached XP level 4. HP: 28/32 MP: 5/7
  2743 | D:2      | Noticed Ijyb
  2871 | D:2      | Reached skill level 5 in Transmutations
  3133 | D:2      | Killed Ijyb
  3704 | D:3      | Reached XP level 5. HP: 20/37 MP: 3/9
  3934 | D:3      | Reached skill level 6 in Transmutations
  5069 | D:4      | Reached XP level 6. HP: 39/43 MP: 10/10
  5111 | D:4      | Found a glowing drain.
  5193 | Sewer    | Entered a sewer
  5211 | Sewer    | Reached skill level 5 in Unarmed Combat
  5545 | Sewer    | HP: 2/43 [poisoned by a kobold]
  5559 | Sewer    | HP: 2/43 [poisoned by a kobold]
  5564 | Sewer    | HP: 2/43 [poisoned by a kobold]
  5570 | Sewer    | HP: 1/43 [poisoned by a kobold]
  5571 | Sewer    | Succumbed to a kobold's poison

Action                   |  1- 3 |  4- 6 || total
-------------------------+-------+-------++-------
Melee: Unarmed           |   124 |   255 ||   379
Throw: Javelin           |       |     8 ||     8
 Cast: Beastly Appendage |    20 |    28 ||    48
       Sticks to Snakes  |     8 |     9 ||    17
       Spider Form       |     1 |     1 ||     2
  Use: Scroll            |     1 |     7 ||     8
       Potion            |       |     6 ||     6
 Stab: Sleeping          |     1 |     3 ||     4
       Invisible         |       |     4 ||     4
